 Dungeon Crawl Stone Soup version 0.28.0-1-gb440e238dd (webtiles) character file.

Game seed: 17325246371073479118

84 issech the Cudgeller (level 4, -1/45 HPs)
             Began as a Troll Monk on Feb 24, 2022.
             Slain by an orc (7 damage)
             ... on level 2 of the Dungeon.
             The game lasted 00:06:14 (1549 turns).

issech the Cudgeller (Troll Monk)                   Turns: 1549, Time: 00:06:15

Health: -1/45      AC:  4    Str: 19    XL:     4   Next: 24%
Magic:  3/3        EV: 10    Int:  6    God:
Gold:   82         SH:  0    Dex: 14    Spells: 3/3 levels left

rFire   . . .      SeeInvis .   a - +0 mace
rCold   + . .      Faith    .   (no shield)
rNeg    . . .      Spirit   .   b - +0 robe
rPois   .          Reflect  .   (helmet restricted)
rElec   .          Harm     .   (no cloak)
rCorr   .          Rampage  .   (gloves unavailable)
Will    .....                   (boots unavailable)
Stlth   ++........              l - amulet of regeneration
HPRegen 1.75/turn               e - ring of protection from cold
MPRegen 0.08/turn               (no ring)

@: no status effects
A: large, unfitting armour, claws 3, regeneration 1, shaggy fur 1, tough skin 1
a: no special abilities


You were on level 2 of the Dungeon.
You visited 1 branch of the dungeon, and saw 2 of its levels.

You collected 82 gold pieces.

Inventory:

Hand Weapons
 a - a +0 mace (weapon)
 h - a +0 hunting sling
Missiles
 d - 31 stones (quivered)
 m - 19 arrows
Armour
 b - a +0 robe (worn)
Jewellery
 e - a ring of protection from cold (left claw)
 k - an amulet of guardian spirit
 l - an amulet of regeneration (around neck)
Scrolls
 f - a scroll of identify {unknown}
 g - a scroll of noise {unknown}
 j - a scroll of fear {unknown}
Potions
 c - 2 potions of curing {unknown}
 i - a potion of mutation {unknown}


   Skills:
 + Level 3.0 Fighting
 + Level 3.6 Maces & Flails
 + Level 0.1 Throwing
 + Level 2.9 Dodging
 + Level 1.1 Stealth


You had 3 spell levels left.
You didn't know any spells.
Your spell library contained the following spells:

 Spells                   Type           Power      Damage    Failure   Level
 Beastly Appendage        Tmut           0%         N/A       45%         1
 Sandblast                Erth           0%         2d4       45%         1
 Passwall                 Tmut/Erth      0%         N/A       58%         2
 Wereblood                Tmut           0%         N/A       58%         2
 Spider Form              Tmut/Pois      0%         N/A       83%         3
 Stone Arrow              Conj/Erth      0%         3d7       83%         3


Dungeon Overview and Level Annotations

Branches:
Dungeon (2/15)

Altars:


Innate Abilities, Weirdness & Mutations

You are too large for most types of armour.
You have claws for hands.
Your natural rate of healing is unusually fast.
You are covered in fur. (AC +1)
You have tough skin. (AC +1)


Message History

The orc closely misses you.
You closely miss the hobgoblin.
The hobgoblin is severely wounded.
The orc barely misses you. The hobgoblin barely misses you.
The orc priest looks braver for a moment.
The orc hits you with a +2 dagger of speed.
The orc hits you but does no damage.
You hit the hobgoblin but do no damage.
The hobgoblin is severely wounded.
The hobgoblin hits you but does no damage.
The orc hits you but does no damage. The orc hits you with a +0 falchion.
The orc hits you but does no damage. The hobgoblin closely misses you.
Unknown command.
You barely miss the hobgoblin.
The hobgoblin is heavily wounded.
The orc hits you with a +2 dagger of speed.
The orc hits you with a +0 falchion. The hobgoblin barely misses you.
The orc hits you with a +2 dagger of speed.
You closely miss the hobgoblin.
The hobgoblin is heavily wounded.
The orc hits you but does no damage. The orc barely misses you.
The hobgoblin hits you.
The orc priest calls down the wrath of Beogh upon you.
Beogh smites you!
* * * LOW HITPOINT WARNING * * *
The orc hits you with a +2 dagger of speed.
* * * LOW HITPOINT WARNING * * *
You hit the hobgoblin but do no damage.
The hobgoblin is heavily wounded.
The orc hits you but does no damage. The hobgoblin barely misses you.
The orc hits you with a +2 dagger of speed.
* * * LOW HITPOINT WARNING * * *
The orc hits you with a +0 falchion.
* * * LOW HITPOINT WARNING * * *
The orc hits you with a +2 dagger of speed.
* * * LOW HITPOINT WARNING * * *
You sock the hobgoblin!
You kill the hobgoblin!
The orc completely misses you. The orc hits you with a +0 falchion!
You die...

..# ..## ... #=♣.
8...# #.. ....# #
###.. ....# .. ...#
....##..# #?##
8...... ### #@o#
....[## ..# ##o#
##.#.(## #.# #o#
...##.†###.# #.##
##o###..##.## #..##
#...)#.....######..#
#####..###.....o...##
########........####
...†>....#..<...#


You could see an orc priest and 2 orcs.

Vanquished Creatures
  A gnoll (D:1)
  An adder (D:2)
  3 dart slugs
  2 orcs
  4 ball pythons
  7 endoplasms
  2 giant cockroaches
  3 goblins (D:1)
  9 hobgoblins
  4 kobolds (D:1)
  11 bats
  A frilled lizard (D:2)
  7 rats
55 creatures vanquished.

Notes
Turn   | Place    | Note
-------+----------+-------------------------------------------
     0 | D:1      | issech the Troll Monk began the quest for the Orb.
     0 | D:1      | Reached XP level 1. HP: 22/22 MP: 0/0
   115 | D:1      | Reached XP level 2. HP: 29/29 MP: 1/1
   376 | D:1      | Reached XP level 3. HP: 35/36 MP: 2/2
   450 | D:1      | Found a faded altar of an unknown god.
  1290 | D:2      | Reached XP level 4. HP: 27/44 MP: 0/3
  1487 | D:2      | HP: 2/45 [orc priest/divine providence (9)]
  1549 | D:2      | Slain by an orc

Illustrated notes

Levels and vault maps discovered:
D:1:      dpeg_arrival_subterranean_lakeside_camping, layout_basic,
          hellmonk_ecumenical_altar_arch_garden, ebering_dispersal_statue_hall,
          minmay_indecisive_spiral
D:2:      cheibrodos_pilgrimage, layout_rooms, serial_shops, nicolae_shop_trees,
          hangedman_decor_push

Skill      XL: |  1  2  3  4 |
---------------+-------------+-----
Maces & Flails | 3 |  3.6
Fighting       | 3 |  3.0
Throwing       | |  0.1
Dodging        | |  2.9
Stealth        | |  1.1

Action                   |  1- 3 |  4- 6 || total
-------------------------+-------+-------++-------
Melee: Mace              |   138 |    47 ||   185
       Punch             |     1 |       ||     1
Throw: Stone             |     5 |       ||     5
 Stab: Sleeping          |     2 |       ||     2
Armor: Robe              |    79 |    31 ||   110
Dodge: Dodged            |   136 |    55 ||   191
